 Dungeon Crawl Stone Soup version 0.17.0-9-g801d43b (webtiles) character file.

40602 panicbit the Cleaver (level 13, -2/175 HPs)
             Began as a Minotaur Fighter on Nov 9, 2015.
             Was a High Priest of Okawaru.
             Slain by a death yak (14 damage)
             ... on level 7 of the Lair of Beasts.
             The game lasted 01:31:56 (19011 turns).

panicbit the Cleaver (Minotaur Fighter)            Turns: 19011, Time: 01:31:58

Health: -2/175     AC: 26    Str: 23    XL:     13   Next: 75%
Magic:  13/13      EV:  2    Int:  5    God:    Okawaru [*****.]
Gold:   850        SH: 15    Dex: 13    Spells: 0 memorised, 12 levels left

rFire  . . .     SeeInvis .     w - +0 war axe
rCold  + . .     Clarity  .     (armour currently unavailable)
rNeg   + + +     SustAt   .     c - +0 shield
rPois  +         Gourm    +     (helmet currently unavailable)
rElec  .         Spirit   .     (cloak currently unavailable)
rCorr  .         Warding  .     (gloves currently unavailable)
rMut   .         NoTele   +     (boots currently unavailable)
MR     .....                    u - amulet of the gourmand
Stlth  +++++.....               S - ring of protection from cold
                                t - ring of flight

@: tree-form, heroism, not resistant to hostile enchantments, quite stealthy
A: (retaliatory headbutt), (horns 0)
a: Heroism, Finesse, Renounce Religion


You were on level 7 of the Lair of Beasts.
You worshipped Okawaru.
Okawaru was extremely pleased with you.
You were completely stuffed.
You were a tree.
You visited 3 branches of the dungeon, and saw 19 of its levels.

You collected 1053 gold pieces.
You spent 203 gold pieces at shops.

Inventory:

Hand Weapons
 f - a +3 flail
 s - a +5 hunting sling of evasion
 w - a +0 war axe (weapon)
Missiles
 y - 10 tomahawks (quivered)
 P - 75 sling bullets
 T - 2 steel tomahawks
Armour
 c - a +0 shield (worn)
 p - the +8 chain mail of Intuition (melded) {MP+9}
   (Okawaru gifted it to you on level 3 of the Lair of Beasts)

   It affects your magic capacity (+9).
 R - a +0 pair of gloves of dexterity (melded)
 V - a +0 cloak (melded)
Jewellery
 o - an uncursed ring of ice
 t - a ring of flight (left branch)
 u - an amulet of the gourmand (around neck)
 S - a ring of protection from cold (right branch)
 W - an uncursed ring of magical power
 Y - an uncursed ring of wizardry
Wands
 v - a wand of frost (26)
 Q - a wand of disintegration (7)
 X - a wand of digging (7)
Scrolls
 i - 7 scrolls of identify
 k - 3 scrolls of fog
 m - 3 scrolls of fear
 q - 5 scrolls of magic mapping
 z - 5 scrolls of recharging
 A - a scroll of silence {unknown}
 C - 10 scrolls of teleportation
 D - 3 scrolls of blinking
 E - 4 scrolls of enchant weapon
 F - 10 scrolls of remove curse
 L - a scroll of brand weapon
Potions
 b - a potion of berserk rage
 d - a potion of ambrosia {unknown}
 g - 6 potions of curing
 h - 3 potions of lignification
 l - 4 potions of brilliance
 r - 3 potions of flight {unknown}
 I - 3 potions of agility {unknown}
 J - 2 potions of beneficial mutation {unknown}
 K - 2 potions of poison {unknown}
 M - a potion of degeneration {unknown}
 N - 4 potions of haste
 O - 3 potions of cancellation {unknown}
Comestibles
 a - 2 royal jellies
 e - 8 bread rations
 j - 15 fruits
 x - 15 meat rations
 B - 24 chunks of flesh
 H - a slice of pizza
 Z - 2 beef jerkies


   Skills:
 + Level 11.9(16.9) Fighting
 + Level 14.1(19.2) Axes
 + Level 1.6(14.6) Maces & Flails
 + Level 8.1(13.6) Slings
 + Level 3.8(11.0) Throwing
 + Level 12.1(17.1) Armour
 + Level 7.4(12.4) Dodging
 + Level 1.3(6.3) Stealth
 + Level 13.3(18.3) Shields
 + Level 2.2 Invocations


You had 12 spell levels left.
You didn't know any spells.

Dungeon Overview and Level Annotations

Branches:
Dungeon (11/15)            Temple (1/1) D:6            Lair (7/8) D:11
  Swamp (0/4) Lair:6       Spider (0/4) Lair:4        Slime (0/6) Lair:7
    Orc: D:9-12

Altars:
Ashenzari
Cheibriados
Dithmenos
Elyvilon
Fedhas
Gozag
Kikubaaqudgha
Makhleb
Nemelex Xobeh
Okawaru
Qazlal
Ru
Sif Muna
Trog
Vehumet
Xom
Yredelemnul
Zin
The Shining One

Shops:
D:4 ?   D:8 [   D:11 %

Annotations:
Lair:3 4 exclusions


Innate Abilities, Weirdness & Mutations

((You reflexively headbutt those who attack you in melee.))
((You have a pair of horns on your head.))


Message History

The death yak gores you but does no damage.
You hit the death yak but do no damage.
The death yak is almost dead.
You barely miss the death yak.
The death yak is heavily wounded.
You barely miss the death yak.
The death yak is moderately wounded.
You hit the death yak.
The death yak is lightly wounded.
You hit the death yak.
The death yak is lightly wounded.
You slash the death yak!
The death yak is moderately wounded.
The death yak gores you.
* * * LOW HITPOINT WARNING * * *
The death yak gores you but does no damage.
You block the death yak's attack. The death yak gores you!
* * * LOW HITPOINT WARNING * * *
The death yak gores you!
You die...

..............#
..............##....#.#
......................##.
.........................
...........>.............
..........<..............
....###P........H........
...## ###......YYY.......
...## #........♣Y.......
....# #...####.YY.......
.#.## #..#.# ##.........
.#.# ###### ###...$..P
.### ####P## .# # ## #


You could see 6 death yaks and a hippogriff.

Vanquished Creatures
  Nessos (Lair:6)
  The ghost of HungrySpirit the Bludgeoner, a journeyman OgAM of Okawaru (Lair:2)
  Fannar (Lair:2)
  Harold (Lair:1)
  Erolcha (D:9)
  6 hydras
  An unseen horror (D:11)
  A hill giant (D:11)
  2 black mambas
  3 elephants (Lair:5)
  Maurice (D:9)
  Joseph (D:7)
  A centaur zombie (D:11)
  A torpor snail (Lair:7)
  18 spiny frogs
  6 komodo dragons
  A fire drake (Lair:3)
  Grinder (D:5)
  A two-headed ogre (D:9)
  8 blink frogs
  A tarantella (Lair:4)
  51 yaks
  2 deep elf magi
  A steam dragon (D:9)
  2 basilisks
  A mottled dragon (D:11)
  Grum (D:9)
  4 wolves (D:9)
  Menkaure (D:5)
  11 hippogriffs
  8 water moccasins
  3 swamp worms (Lair:6)
  12 porcupines
  3 orc warriors
  2 ice beasts
  2 phantoms
  2 black bears
  A necrophage (D:11)
  The ghost of Rayvis the Skirmisher, an amateur DsFi (D:3)
  9 centaurs
  2 sky beasts
  2 ogres (D:4)
  5 crocodiles
  2 big kobolds
  A wyvern zombie (D:8)
  A wyvern skeleton (D:8)
  13 giant frogs
  7 scorpions
  3 killer bees (D:10)
  A water moccasin skeleton (D:9)
  4 crimson imps
  A quasit (D:6)
  A giant frog zombie (D:6)
  7 orc priests
  2 giant frog skeletons
  6 hounds
  5 jellies
  10 iguanas
  10 worker ants
  12 orc wizards
  A killer bee zombie (D:10)
  25 sheep
  Robin (D:3)
  17 adders
  6 gnolls
  70 river rats
  5 shadow imps
  2 oozes
  5 worms
  An adder skeleton (D:6)
  3 giant geckos
  52 orcs
  3 ball pythons
  2 giant cockroaches
  15 hobgoblins
  16 jackals
  9 bats
  A giant gecko skeleton (D:4)
  A giant gecko zombie (D:8)
  6 giant newts
  21 goblins
  A jackal zombie (D:4)
  17 kobolds
  4 quokkas
  A quokka zombie (D:10)
  13 rats
  3 fungi
  4 plants (D:11)
575 creatures vanquished.

Vanquished Creatures (others)
  An orc wizard (D:7)
  A giant gecko (D:2)
  9 fungi
  A plant (D:11)
12 creatures vanquished.

Grand Total: 587 creatures vanquished

Notes
Turn   | Place    | Note
--------------------------------------------------------------
     0 | D:1      | panicbit the Minotaur Fighter began the quest for the Orb.
     0 | D:1      | Reached XP level 1. HP: 19/19 MP: 0/0
   545 | D:2      | Reached XP level 2. HP: 27/27 MP: 1/1
   558 | D:2      | Reached skill level 4 in Fighting
   633 | D:2      | Found a shimmering altar of Xom.
   642 | D:2      | Reached XP level 3. HP: 17/33 MP: 2/2
   850 | D:2      | Reached XP level 4. HP: 32/41 MP: 3/3
  1032 | D:2      | Found a radiant altar of Vehumet.
  1206 | D:2      | Reached skill level 1 in Dodging
  1500 | D:3      | Found an opulent altar of Gozag.
  1613 | D:3      | Reached XP level 5. HP: 47/47 MP: 4/4
  1722 | D:3      | Reached skill level 5 in Shields
  1899 | D:3      | Noticed Robin
  1912 | D:3      | Killed Robin
  2232 | D:3      | Found a sacrificial altar of Ru.
  2354 | D:3      | Noticed Rayvis's ghost (amateur DsFi)
  2415 | D:4      | Noticed an ogre
  2424 | D:4      | Killed an ogre
  2424 | D:4      | Reached skill level 5 in Fighting
  2424 | D:4      | Reached XP level 6. HP: 43/56 MP: 5/5
  2453 | D:4      | Reached skill level 5 in Armour
  2514 | D:4      | Found a glowing golden altar of the Shining One.
  2523 | D:4      | Found a deep blue altar of Sif Muna.
  2650 | D:4      | Reached XP level 7. HP: 5/61 MP: 6/6
  3000 | D:4      | Found a glowing silver altar of Zin.
  3176 | D:4      | Reached skill level 1 in Throwing
  3468 | D:4      | Found Fittiet's Magic Scroll Emporium.
  3474 | D:4      | Bought a scroll of identify for 22 gold pieces
  3474 | D:4      | Bought a scroll of enchant weapon for 82 gold pieces
  3474 | D:4      | Bought a scroll of identify for 22 gold pieces
  3528 | D:5      | Entered Level 5 of the Dungeon
  3748 | D:5      | Reached skill level 5 in Axes
  3776 | D:5      | Reached skill level 6 in Shields
  3802 | D:5      | Noticed Menkaure
  3804 | D:5      | Noticed Grinder
  3810 | D:5      | Killed Menkaure
  3816 | D:5      | Killed Grinder
  3816 | D:5      | Reached XP level 8. HP: 48/70 MP: 7/7
  4116 | D:3      | Killed Rayvis's ghost
  4311 | D:5      | Reached skill level 7 in Shields
  4611 | D:6      | Found a blossoming altar of Fedhas.
  4920 | D:6      | Reached XP level 9. HP: 64/78 MP: 8/8
  5267 | D:6      | Found a staircase to the Ecumenical Temple.
  5283 | Temple   | Entered the Ecumenical Temple
  5291 | Temple   | Became a worshipper of Warmaster Okawaru
  5537 | D:7      | Noticed Joseph
  5566 | D:7      | Killed Joseph
  5566 | D:7      | Reached skill level 8 in Axes
  5625 | D:6      | Reached * piety under Okawaru
  6459 | D:8      | Found Giefaz's Antique Armour Boutique.
  6680 | D:4      | Bought a scroll of teleportation for 33 gold pieces
  6680 | D:4      | Bought a scroll of identify for 22 gold pieces
  6680 | D:4      | Bought a scroll of identify for 22 gold pieces
  6765 | D:5      | Reached skill level 1 in Slings
  6853 | D:8      | Reached skill level 9 in Axes
  7087 | D:8      | Reached ** piety under Okawaru
  7163 | D:9      | Reached XP level 10. HP: 80/88 MP: 9/9
  7471 | D:9      | Got a topaz-encrusted scale mail
  7482 | D:9      | Identified the cursed +1 scale mail of Ynlaoful {rPois rN+ Dex-4 Stlth+} (You found it on level 9 of the Dungeon)
  7528 | D:9      | Reached skill level 5 in Dodging
  7564 | D:9      | Noticed a six-headed hydra
  7580 | D:9      | Killed a six-headed hydra
  7909 | D:9      | Noticed Erolcha
  7920 | D:9      | Noticed Grum
  7939 | D:9      | Reached *** piety under Okawaru
  7948 | D:9      | Killed Grum
  7950 | D:9      | Killed Erolcha
  7950 | D:9      | Reached skill level 5 in Slings
  8287 | D:9      | Reached **** piety under Okawaru
  8397 | D:9      | Reached skill level 10 in Shields
  8425 | D:9      | Noticed Maurice
  8434 | D:9      | HP: 4/90 [Maurice/wand of lightning (18)]
  8436 | D:9      | Killed Maurice
  8436 | D:9      | Reached skill level 10 in Axes
  8436 | D:9      | Reached XP level 11. HP: 4/95 MP: 7/10
  8938 | D:10     | Entered Level 10 of the Dungeon
  9571 | D:11     | Noticed a hill giant
  9588 | D:11     | Killed a hill giant
 10081 | D:11     | Killed an unseen horror
 10815 | D:11     | Found Onouhaq's Food Shoppe.
 11121 | D:11     | Found a staircase to the Lair.
 11263 | Lair:1   | Entered Level 1 of the Lair of Beasts
 11301 | Lair:1   | Noticed Harold
 11313 | Lair:1   | Reached skill level 10 in Armour
 11330 | Lair:1   | Killed Harold
 11330 | Lair:1   | Reached ***** piety under Okawaru
 11449 | Lair:1   | Reached skill level 11 in Axes
 11449 | Lair:1   | Reached skill level 1 in Invocations
 12464 | Lair:2   | Reached XP level 12. HP: 58/106 MP: 11/11
 12560 | Lair:2   | Received a gift from Okawaru
 12560 | Lair:2   | Reached skill level 10 in Fighting
 13083 | Lair:2   | Noticed Fannar
 13099 | Lair:2   | Reached skill level 12 in Axes
 13129 | Lair:2   | Killed Fannar
 13236 | Lair:2   | Noticed HungrySpirit's ghost (journeyman OgAM)
 13587 | Lair:2   | Killed HungrySpirit's ghost
 13587 | Lair:2   | Reached skill level 1 in Stealth
 14296 | Lair:2   | Noticed a six-headed hydra
 14305 | Lair:2   | Killed a six-headed hydra
 14659 | Lair:3   | Received a gift from Okawaru
 14674 | Lair:3   | Got a dazzling chain mail {god gift}
 14685 | Lair:3   | Identified the +8 chain mail of Intuition {MP+9} (Okawaru gifted it to you on level 3 of the Lair of Beasts)
 14712 | Lair:3   | Noticed a four-headed hydra
 14732 | Lair:3   | Killed a six-headed hydra
 15008 | Lair:3   | Noticed a seven-headed hydra
 15021 | Lair:3   | Killed a seven-headed hydra
 15408 | Lair:3   | Reached skill level 1 in Maces & Flails
 16099 | Lair:4   | Reached XP level 13. HP: 116/116 MP: 13/13
 16186 | Lair:4   | Reached skill level 13 in Axes
 16241 | Lair:4   | Found a hole to the Spider Nest.
 17315 | Lair:5   | Received a gift from Okawaru
 17404 | Lair:5   | Found a shimmering altar of Xom.
 17755 | Lair:6   | Noticed Nessos
 17779 | Lair:6   | Killed Nessos
 18193 | Lair:6   | Found a staircase to the Swamp.
 18757 | Lair:7   | Found a staircase to the Slime Pits.
 18818 | Lair:7   | Reached skill level 14 in Axes
 19006 | Lair:7   | HP: 8/175 [death yak (1)]
 19007 | Lair:7   | HP: 3/175 [hippogriff (2)]
 19011 | Lair:7   | Slain by a death yak

Action                   |  1- 3 |  4- 6 |  7- 9 | 10-12 | 13-15 || total
-------------------------+-------+-------+-------+-------+-------++-------
Melee: War axe           |    85 |   149 |   431 |   779 |   338 ||  1782
       Flail             |       |       |       |    22 |    11 ||    33
 Fire: Hunting sling     |       |       |    34 |   169 |    47 ||   250
Throw: Tomahawk          |       |    11 |    16 |    30 |     3 ||    60
Invok: Heroism           |       |       |     1 |    14 |     5 ||    20
  Use: Potion            |       |     1 |       |     2 |     2 ||     5
       Scroll            |       |       |    15 |     2 |     4 ||    21
  Eat: Chunk             |       |     6 |    15 |    41 |    10 ||    72
       Beef jerky        |       |       |       |     1 |       ||     1
